 Dungeon Crawl Stone Soup version 0.29.1-15-g9cfb28693d (webtiles) character file.

Game seed: 11902487760703068223

5874 javelincjr the Fighter (level 11, -11/81 HPs)
             Began as a Djinni Conjurer on Feb 24, 2023.
             Was a Believer of Makhleb.
             Mangled by an orc knight
             ... wielding a +0 glaive
              (19 damage)
             ... on level 11 of the Dungeon.
             The game lasted 00:52:29 (12735 turns).

javelincjr the Fighter (Djinni Conjurer)           Turns: 12735, Time: 00:52:30

Health: -11/81     AC:  9    Str: 10    XL:     11   Next: 8%
Gold:   347        EV: 10    Int: 26    God:    Makhleb [**....] SH:  8 Dex: 12

rFire   + + .      SeeInvis .   j - +3 dagger
rCold   . . .      Faith    +   I - +0 kite shield
rNeg    . . .      Spirit   .   q - +0 ring mail {rC+}
rPois   ∞          Reflect  .   z - +1 helmet
rElec   .          Harm     .   (no cloak)
rCorr   .          Rampage  .   m - +0 pair of gloves
Will    +....                   (boots unavailable)
Stlth   ++........              x - amulet of faith
HPRegen 0.23/turn               e - ring of wizardry
MPRegen 0.00/turn               c - +6 ring of intelligence

@: flying
A: sickness immunity, fire resistance 2, cold vulnerability 1, float, innate
caster, HP casting, extra vitality 1
a: Renounce Religion, Minor Destruction


You were on level 11 of the Dungeon.
You worshipped Makhleb.
Makhleb was pleased with you.
You visited 2 branches of the dungeon, and saw 12 of its levels.

You collected 417 gold pieces.
You spent 70 gold pieces at shops.

Inventory:

Hand Weapons
 j - a +3 dagger (weapon)
 v - a +1 hand axe of venom
 G - a +1 dagger of distortion
Armour
 m - a +0 pair of gloves (worn)
 q - a +0 ring mail of cold resistance (worn)
 z - a +1 helmet (worn)
 H - a +2 robe of positive energy
 I - a +0 kite shield (worn)
 J - the +0 chain mail "Yzydgh" {Rampage}
   (You found it on level 9 of the Dungeon)

   Rampage:   It bestows one free step when moving towards enemies.
Jewellery
 c - a +6 ring of intelligence (right hand)
 e - a ring of wizardry (left hand)
 p - a ring of see invisible
 x - an amulet of faith (around neck)
Wands
 r - a wand of quicksilver (13)
 u - a wand of flame (27)
 w - a wand of charming (11)
 D - a wand of iceblast (19)
Scrolls
 b - 3 scrolls of teleportation
 g - a scroll of enchant armour
 k - a scroll of magic mapping
 l - 4 scrolls of identify
 s - 5 scrolls of silence
 t - 2 scrolls of fear
 y - a scroll of summoning
 B - 2 scrolls of fog {unknown}
 C - 2 scrolls of poison {unknown}
 F - 3 scrolls of immolation {unknown}
 L - a scroll of noise {unknown}
 M - a scroll of vulnerability {unknown}
Potions
 a - 3 potions of might {unknown}
 d - 3 potions of haste {unknown}
 f - 4 potions of curing {unknown}
 h - a potion of degeneration {unknown}
 i - a potion of flight {unknown}
 n - 3 potions of ambrosia {unknown}
 o - 2 potions of heal wounds
 A - a potion of magic {unknown}
 E - a potion of mutation {unknown}
 K - a potion of lignification {unknown}


   Skills:
 * Level 8.3 Fighting
 + Level 4.8 Armour
 + Level 6.8 Dodging
 + Level 5.5 Stealth
 + Level 2.7 Shields
 * Level 7.3 Spellcasting
 + Level 2.6 Invocations


You couldn't memorise any spells.
You knew the following spells:

 Your Spells              Type           Power      Damage    Failure   Level
a - Magic Dart            Conj           100%       1d8       1%          1
b - Searing Ray           Conj           94%        2d7       1%          2
c - Dazzling Flash        Conj/Hex       94%        N/A       2%          3
d - Fulminant Prism       Conj/Hex       23%        3d13      9%          4
e - Iskenderun's Mystic   Conj/Tloc      47%        2d10      9%          4
f - Freeze                Ice            100%       1d11      1%          1
g - Ensorcelled Hibernat  Hex/Ice        94%        N/A       1%          2
h - Frozen Ramparts       Ice            94%        1d15      2%          3
i - Animate Armour        Summ/Erth      94%        N/A       9%          4
j - Iskenderun's Battles  Conj           47%        2d10      26%         5
Your spell library was empty.

Dungeon Overview and Level Annotations

Branches:
Dungeon (11/15)            Temple (1/1) D:6            Lair (0/5) D:10
    Orc: D:9-12

Altars:
Ashenzari
Cheibriados
Dithmenos
Elyvilon
Fedhas
Gozag
Hepliaklqana
Makhleb
Nemelex Xobeh
Okawaru
Qazlal
Ru
Trog
Uskayaw
Wu Jian
Xom
Yredelemnul
Zin
The Shining One

Shops:
D:5 [(!*

Annotations:
D:10 2 transporters


Innate Abilities, Weirdness & Mutations

You are immune to sickness and miasma.
You are immune to poison.
Your flesh is very heat resistant. (rF++)
You are vulnerable to cold. (rC-)
You float through the air rather than walking.
You learn spells naturally, not from books.
Your magical power is your life essence.
You have superior vitality. (+4 MHP)


Message History

The orc knight collides with the gargoyle!
You hear two shouts!
You hear a shout!
Your battlesphere fires!
The barrage of energy hits the troll!
The troll is moderately wounded.
A fire giant comes into view.
It is wielding a +2 great sword of flaming.
Casting: Iskenderun's Mystic Blast (dangerous; 9% risk of failure)
Confirm with . or Enter, or press ? or * to list all spells.
You erupt in a blast of force!
The mystic blast hits the orc knight.
The orc knight is almost dead.
The orc knight is knocked back by the mystic blast.
The orc knight collides with the gargoyle!
The orc knight is almost dead.
The mystic blast hits the troll!
The troll is heavily wounded.
The troll is knocked back by the mystic blast.
Your battlesphere fires!
The barrage of energy hits the fire giant.
The fire giant is lightly wounded.
The orc knight hits you from afar with a +0 glaive.
A shadow comes into view.
The fire giant casts a spell at you. The bolt of fire hits you! You resist.
* * * LOW HITPOINT WARNING * * *
You are too injured to fight recklessly!
Casting: Iskenderun's Mystic Blast (dangerous; 9% risk of failure)
Confirm with . or Enter, or press ? or * to list all spells.
* * * LOW HITPOINT WARNING * * *
The orc knight hits you from afar with a +0 glaive!
* * * LOW HITPOINT WARNING * * *
The troll bites your animated ring mail but does no damage.
The troll claws your animated ring mail but does no damage.
The troll claws your animated ring mail.
Your animated ring mail hits the troll!
Your animated ring mail closely misses the troll.
Something hits your animated ring mail!!
Something burns your animated ring mail.
There is a stone staircase leading up here.
The orc knight hits you from afar with a +0 glaive!!
You die...

########
##......##
##........##
#..........#
#..........#
#.@........#
#.*........#
#.o........###
##..>.........
#....).....###
#..........#
#..........#
#.......>###
#........#


You could see an orc knight and a friendly battlesphere.

Vanquished Creatures
  2 two-headed ogres
  Psyche (D:8)
  A troll (D:11)
  The ghost of Lysca the Ogre Mage, an amateur OgHW (D:3)
  2 wyverns (D:10)
  4 vampire mosquitoes
  A steam dragon (D:9)
  A warg (D:10)
  Menkaure (D:6)
  An orc warrior (D:9)
  2 sky beasts
  3 black bears
  2 ogres (D:4)
  2 centaurs
  Blork the orc (D:6)
  2 bullfrogs
  2 necrophages
  2 scorpions (D:6)
  3 killer bees (D:7)
  A vampire bat (D:4)
  A howler monkey (D:7)
  3 orc priests
  A hound (D:6)
  2 jellies
  A gnoll bouda (D:7)
  8 iguanas
  12 orc wizards
  Ijyb (D:4)
  10 adders
  9 gnolls
  A white imp (D:6)
  2 ufetubi
  2 dart slugs
  3 fire bats (D:4)
  41 orcs
  2 spectral bats (D:4)
  9 ball pythons
  3 bat skeletons (D:4)
  A bat zombie (D:4)
  5 endoplasms
  2 giant cockroaches
  3 goblins
  6 hobgoblins
  2 quokkas
  13 bats
  A bat simulacrum (D:4)
  A frilled lizard (D:3)
  2 kobolds
  2 rats
184 creatures vanquished.

Vanquished Creatures (collateral kills)
  A warg (D:10)
  An orc warrior (D:10)
2 creatures vanquished.

Vanquished Creatures (others)
  32 fulminant prisms
  3 plants (D:10)
35 creatures vanquished.

Grand Total: 221 creatures vanquished

Notes
Turn   | Place    | Note
-------+----------+-------------------------------------------
     0 | D:1      | javelincjr the Djinni Conjurer began the quest for the Orb.
     0 | D:1      | javelincjr set off with the following spells memorised:
                  | Magic Dart, Searing Ray, Dazzling Flash, Fulminant Prism,
                  | Iskenderun's Mystic Blast.
     0 | D:1      | Reached XP level 1. HP: 15/15 MP: 0/0
   388 | D:1      | Reached XP level 2. HP: 19/22 MP: 0/0
   600 | D:1      | Reached skill level 1 in Fighting
  1168 | D:2      | Reached XP level 3. HP: 23/27 MP: 0/0
  1168 | D:2      | Learned a level 1 spell: Freeze
  1401 | D:2      | Reached XP level 4. HP: 27/33 MP: 0/0
  1558 | D:2      | You are sucked into a shaft and drop 1 floor!
  1580 | D:3      | Found a runed translucent door.
  1585 | D:3      | Noticed Lysca's ghost (amateur OgHW)
  1661 | D:3      | Reached skill level 2 in Fighting
  1779 | D:3      | Reached XP level 5. HP: 9/38 MP: 0/0
  1779 | D:3      | Learned a level 2 spell: Ensorcelled Hibernation
  2112 | D:3      | Noticed a black bear
  2587 | D:3      | Killed a black bear
  2588 | D:3      | Reached skill level 3 in Fighting
  2588 | D:3      | Reached XP level 6. HP: 38/46 MP: 0/0
  2998 | D:3      | Killed Lysca's ghost
  2999 | D:3      | Reached XP level 7. HP: 23/51 MP: 0/0
  2999 | D:3      | Learned a level 3 spell: Frozen Ramparts
  3246 | D:4      | Reached skill level 4 in Fighting
  3791 | D:4      | Reached XP level 8. HP: 57/58 MP: 0/0
  4004 | D:4      | Noticed Ijyb
  4010 | D:4      | Killed Ijyb
  4011 | D:4      | Reached skill level 1 in Armour
  4015 | D:4      | Reached skill level 5 in Spellcasting
  4527 | D:5      | Entered Level 5 of the Dungeon
  4552 | D:5      | Found Xamomm's Antique Weapon Shoppe.
  4580 | D:5      | Found Fuxiem's Distillery.
  4652 | D:5      | Bought a potion of heal wounds for 70 gold pieces
  4690 | D:5      | Found an iron altar of Okawaru.
  4736 | D:5      | Reached skill level 5 in Fighting
  4853 | D:5      | Found Peikhla's General Store.
  5183 | D:5      | Found an ornate altar of the Wu Jian Council.
  5274 | D:5      | Found Zylag's Armour Emporium.
  5351 | D:6      | Noticed Menkaure
  5355 | D:6      | Killed Menkaure
  5698 | D:6      | Noticed Blork the orc
  5704 | D:6      | Reached XP level 9. HP: 57/65 MP: 0/0
  5704 | D:6      | Learned a level 4 spell: Animate Armour
  5706 | D:6      | Killed Blork the orc
  5822 | D:6      | Found a staircase to the Ecumenical Temple.
  5842 | Temple   | Entered the Ecumenical Temple
  6288 | Temple   | Became a worshipper of Makhleb the Destroyer
  6454 | D:6      | Reached skill level 5 in Dodging
  6860 | D:6      | Reached skill level 6 in Fighting
  7886 | D:7      | Reached * piety under Makhleb
  8120 | D:7      | Found a shadowy altar of Dithmenos.
  8507 | D:8      | Found an opulent altar of Gozag.
  8726 | D:8      | Found a glowing golden altar of the Shining One.
  8733 | D:8      | Found a sparkling altar of Nemelex Xobeh.
  8774 | D:8      | Noticed Psyche
  8783 | D:8      | Killed Psyche
  8784 | D:8      | Reached skill level 7 in Fighting
  8784 | D:8      | Reached XP level 10. HP: 42/75 MP: 0/0
  9799 | D:9      | Noticed a two-headed ogre
  9811 | D:9      | Killed a two-headed ogre
  9812 | D:9      | Reached skill level 5 in Stealth
  9812 | D:9      | Reached skill level 1 in Shields
  9812 | D:9      | Reached skill level 1 in Invocations
 10151 | D:9      | Identified the +0 chain mail "Yzydgh" {Rampage}
 10423 | D:10     | Entered Level 10 of the Dungeon
 10845 | D:10     | Found a transporter.
 10846 | D:10     | Found a transporter.
 10852 | D:10     | Noticed a two-headed ogre
 10858 | D:10     | Killed a two-headed ogre
 11330 | D:10     | Reached skill level 8 in Fighting
 11556 | D:10     | Reached ** piety under Makhleb
 11670 | D:10     | Found a transporter.
 11676 | D:10     | Found the +3 pair of seven-league boots {Rampage+∞}
 11677 | D:10     | Found a transporter.
 11682 | D:10     | Found a transporter.
 11690 | D:10     | Found a transporter.
 11839 | D:10     | Found a shimmering altar of Xom.
 11982 | D:10     | Found a staircase to the Lair.
 12245 | D:10     | Reached XP level 11. HP: 14/81 MP: 0/0
 12245 | D:10     | Learned a level 5 spell: Iskenderun's Battlesphere
 12701 | D:11     | Noticed an orc knight
 12713 | D:11     | Noticed a fire giant
 12718 | D:11     | HP: 4/81 [orc knight/+0 glaive (11)]
 12735 | D:11     | Mangled by an orc knight

Illustrated notes

Levels and vault maps discovered:
D:1:      matt_arrival_refuge, layout_basic, serial_rivers,
          chequers_serial_rivers_marsh, chequers_serial_rivers_room_a,
          chequers_serial_rivers_small_b, chequers_serial_rivers_small_a
D:2:      layout_loops_ring, basic_altar
D:3:      layout_loops_ring, ebering_ghost_sewer_d
D:4:      layout_loops_ring, kennysheep_little_box, hangedman_decor_lopped,
          hangedman_abyss_or_decor_passed, goddamned_bats, uniq_ijyb
D:5:      layout_cave_pools, kennysheep_mini_moat, overflow_temple_1_default,
          serial_shops, shop, shop, nicolae_diamond_shop, shop,
          chequers_serial_rivers_small_b
D:6:      layout_loops_ring, minmay_temple_entry_stoned_glass,
          uniq_blork_the_orc, uniq_menkaure
D:7:      layout_cave_pools, lemuel_doored_altar
D:8:      minmay_klotski, layout_basic, mainiacjoe_overflow_catwalk_spiral,
          old_standard_altar, uniq_psyche
D:9:      layout_loops_ring, grunt_decor_fettered, minmay_misc_feat_four_crosses
D:10:     layout_layer_cave, tgw_xom, erik_lair_orcish_takeover,
          serial_nicolae_subway, nicolae_sub_station_crystal,
          nicolae_sub_station_metal, nicolae_sub_station_stone
D:11:     minmay_complete_graph, layout_rooms, orc_0_dummy,
          gammafunk_ghost_wrathful_warriors, yredelemnul_altar_generic
Temple:   eino_temple_water

Skill      XL: |  1  2  3  4  5  6  7  8  9 10 |
---------------+-------------------------------+-----
Fighting       | 1 2 3 4 5 7 8 |  8.3
Stealth        | 2 3 4 5 |  5.5
Dodging        | 3 4 5 6 |  6.8
Spellcasting   | 4 5 6 7 |  7.3
Armour         | 2 3 4 |  4.8
Shields        | 2 |  2.7
Invocations    | 2 |  2.6

Action                   |  1- 3 |  4- 6 |  7- 9 | 10-12 || total
-------------------------+-------+-------+-------+-------++-------
Melee: Dagger            |       |     6 |     4 |     1 ||    11
 Cast: Magic Dart        |    37 |    46 |   147 |    51 ||   281
       Searing Ray       |     1 |    12 |    30 |     3 ||    46
       Fulminant Prism   |       |     2 |    12 |    19 ||    33
       Iskenderun's Myst |       |       |    31 |    23 ||    54
       Animate Armour    |       |       |     2 |     3 ||     5
       Ensorcelled Hiber |       |       |       |     1 ||     1
       Iskenderun's Batt |       |       |       |     3 ||     3
       Frozen Ramparts   |       |       |       |     1 ||     1
  Use: Scroll            |       |       |     6 |       ||     6
       Potion            |       |       |     1 |       ||     1
Armor: Leather armour    |     2 |     4 |    18 |       ||    24
       Ring mail         |       |       |    17 |     9 ||    26
Dodge: Dodged            |     5 |    12 |    75 |    14 ||   106
Block: Kite shield       |       |       |       |    16 ||    16
